 Dungeon Crawl Stone Soup version 0.27.0-1-g7a089689b8 (webtiles) character file.

Game seed: 11969772638632780090

1790 gimp the Conjurer (level 9, -1/54 HPs)
             Began as a Tengu Warper on Aug 11, 2021.
             Was an Initiate of Vehumet.
             Shot with an arrow by a centaur (7 damage)
             ... on level 9 of the Dungeon.
             The game lasted 00:13:31 (7618 turns).

gimp the Conjurer (Tengu Warper)                    Turns: 7618, Time: 00:13:31

Health: -1/54      AC:  6    Str: 11    XL:     9   Next: 8%
Magic:  16/16      EV: 16    Int: 17    God:    Vehumet [......]
Gold:   112        SH:  0    Dex: 14    Spells: 17/17 levels left

rFire    . . .     SeeInvis .   a - +0 dagger (venom)
rCold    . . .     Faith    .   (no shield)
rNeg     . . .     Spirit   .   q - +0 leather armour
rPois    .         Reflect  .   (helmet restricted)
rElec    .         Harm     .   t - +2 cloak
rCorr    .         Rampage  .   (no gloves)
Will     .....                  (boots unavailable)
Stlth    +.........             (no amulet)
HPRegen  0.18/turn              (no ring)
MPRegen  0.15/turn              (no ring)

@: flying quickly and evasively, hasted, very quick
A: beak, talons 3, nimble flight
a: Renounce Religion


You were on level 9 of the Dungeon.
You worshipped Vehumet.
Vehumet was noncommittal.
You visited 2 branches of the dungeon, and saw 9 of its levels.

You collected 267 gold pieces.
You spent 155 gold pieces at shops.

Inventory:

Hand Weapons
 a - a +0 dagger of venom (weapon)
 b - a +3 short sword
Missiles
 d - 5 boomerangs of dispersal
 y - 11 boomerangs
 A - 3 poisoned darts (quivered)
Armour
 q - a +0 leather armour (worn)
 t - a +2 cloak (worn)
Jewellery
 s - an amulet of guardian spirit
Wands
 m - a wand of digging (5)
Scrolls
 c - a scroll of blinking
 f - 2 scrolls of vulnerability {unknown}
 g - 2 scrolls of fear
 h - a scroll of identify
 j - 2 scrolls of immolation
 k - a scroll of enchant armour
 l - 3 scrolls of summoning
 o - 2 scrolls of teleportation
 p - 4 scrolls of magic mapping
 r - a scroll of fog {unknown}
 v - a scroll of enchant weapon {unknown}
Potions
 e - a potion of brilliance
 i - 3 potions of heal wounds {unknown}
 w - a potion of degeneration {unknown}
 x - a potion of magic {unknown}
 z - 2 potions of might


   Skills:
 - Level 5.0 Fighting
 - Level 6.0 Short Blades
 - Level 1.0 Throwing
 - Level 1.1 Armour
 - Level 6.0 Dodging
 + Level 4.5 Spellcasting
 + Level 7.6 Conjurations
 - Level 2.4 Translocations


You had 17 spell levels left.
You didn't know any spells.
Your spell library contained the following spells:

 Spells                   Type           Power      Damage    Failure   Level
 Blink                    Tloc           N/A        N/A       11%         2
 Beastly Appendage        Tmut           6%         N/A       21%         1
 Mephitic Cloud           Conj/Pois/Air  12%        N/A       21%         3
 Gell's Gravitas          Tloc           6%         N/A       22%         3
 Lesser Beckoning         Tloc           6%         N/A       22%         3
 Teleport Other           Tloc           12%        N/A       22%         3
 Wereblood                Tmut           3%         N/A       30%         2
 Ignite Poison            Fire/Tmut/Pois 3%         N/A       52%         3
 Spider Form              Tmut/Pois      1%         N/A       52%         3
 Bolt of Magma            Conj/Fire/Erth 6%         4d6       88%         5
 Manifold Assault         Tloc           12%        N/A       90%         5
 Disjunction              Tloc           6%         N/A       100%        8


Dungeon Overview and Level Annotations

Branches:
Dungeon (9/15)             Temple (1/1) D:5
   Lair: D:8-11         Orc: D:9-12

Altars:
Ashenzari
Cheibriados
Elyvilon
Fedhas
Hepliaklqana
Kikubaaqudgha
Nemelex Xobeh
Okawaru
Qazlal
Ru
Sif Muna
Trog
Uskayaw
Vehumet
Xom
Yredelemnul
Zin
The Shining One

Shops:
D:2 ?!   D:5 ?


Innate Abilities, Weirdness & Mutations

You have a beak for a mouth.
You have claws for feet.
Your magical nature lets you fly swiftly and evasively.


Message History

Aim: an orc wizard, wielding a +0 dagger and wearing a +0 robe (53% to hit)
You throw a poisoned dart.
The poisoned dart closely misses the orc wizard.
Throw: 6 darts (poison)
Press: ? - help, Q - select action, (/) - cycle Shift-Dir - straight line, f/p - orc wizard
Aim: an orc wizard, wielding a +0 dagger and wearing a +0 robe (53% to hit)
You throw a poisoned dart.
The poisoned dart completely misses the orc wizard.
Throw: 5 darts (poison)
Press: ? - help, Q - select action, (/) - cycle Shift-Dir - straight line, f/p - orc wizard
Aim: an orc wizard, wielding a +0 dagger and wearing a +0 robe (53% to hit)
You throw a poisoned dart. The poisoned dart hits the orc wizard.
The orc wizard is poisoned.
Throw: 4 darts (poison)
Press: ? - help, Q - select action, (/) - cycle Shift-Dir - straight line, f/p - orc wizard
Aim: an orc wizard, wielding a +0 dagger and wearing a +0 robe (lightly wounded, poisoned, 53% to hit)
You throw a poisoned dart.
The poisoned dart barely misses the orc wizard.
The orc wizard gestures wildly while chanting.
The orc wizard flickers and vanishes!
The orc warrior throws a boomerang.
The boomerang misses you.
A puff of flame appears from out of thin air!
The puff of flame misses you.
A centaur comes into view.
The orc warrior throws a boomerang.
Reactivating autopickup.
You feel a bit more experienced.
The centaur shouts!
The centaur wields a +0 shortbow of freezing.
It is covered in frost.
The centaur shoots an arrow.
The arrow hits you. The arrow freezes you.
Found a fuming sapphire potion.
You take 8 damage, and have 21/54 hp.
You feel better.
The orc warrior throws a boomerang.
The boomerang hits you.
The centaur shoots an arrow.
The arrow hits you but does no damage.
You regained 4 hp, and now have 25/54 hp.
You feel yourself speed up.
The centaur shoots an arrow.
The arrow hits you. The arrow freezes you.
The centaur shoots an arrow.
The arrow hits you!
* * * LOW HITPOINT WARNING * * *
The arrow freezes you!
You die...

............(.. ...#
##..........(.....
#.c.##...........(.....
#...............(.....
#..........[......... .
#..............).....
...#....................
#.......................
#.....@................
#....###...............
#... ##..o...........
#... ##...........## ...
#...........# !#
#.#########.# #.## .# ##


You could see an orc warrior and a centaur.

Vanquished Creatures
  A kobold demonologist (D:9)
  Sigmund (D:3)
  2 ice beasts (D:5)
  A sky beast (D:5)
  A necrophage (D:5)
  2 ogres
  2 centaurs (D:9)
  A phantom (D:4)
  A kobold brigand (D:9)
  A scorpion (D:5)
  A water moccasin skeleton (D:5)
  A bullfrog zombie (D:6)
  A hound (D:5)
  2 jellies
  5 iguanas
  A killer bee zombie (D:5)
  Robin (D:2)
  4 adders
  3 white imps (D:5)
  An ufetubus (D:5)
  A dart slug (D:4)
  8 orcs
  7 bats
  7 endoplasms
  5 giant cockroaches
  13 goblins
  11 hobgoblins
  6 jackals
  A quokka (D:4)
  4 ball pythons
  12 frilled lizards
  10 kobolds
  5 rats
123 creatures vanquished.

Vanquished Creatures (others)
  An orc wizard (D:9)
  4 plants (D:4)
5 creatures vanquished.

Grand Total: 128 creatures vanquished

Notes
Turn   | Place    | Note
-------+----------+-------------------------------------------
     0 | D:1      | gimp the Tengu Warper began the quest for the Orb.
     0 | D:1      | Reached XP level 1. HP: 12/12 MP: 4/4
   242 | D:1      | Reached XP level 2. HP: 17/17 MP: 6/6
   836 | D:1      | Reached XP level 3. HP: 22/22 MP: 7/7
  1616 | D:2      | Found Sifastog's Magic Scroll Boutique.
  1622 | D:2      | Bought a scroll of teleportation for 42 gold pieces
  1661 | D:2      | Reached XP level 4. HP: 27/27 MP: 8/8
  1676 | D:2      | Found Yso Ciji's Distillery.
  2071 | D:2      | Reached skill level 1 in Conjurations
  2418 | D:3      | Noticed Robin
  2731 | D:2      | Killed Robin
  2992 | D:2      | Bought a scroll of identify for 28 gold pieces
  3218 | D:2      | Bought a potion of curing for 36 gold pieces
  3364 | D:3      | Noticed Sigmund
  3376 | D:3      | Killed Sigmund
  3377 | D:3      | Reached skill level 2 in Conjurations
  3377 | D:3      | Gained mutation: Your magical nature lets you fly swiftly
                  | and evasively. [Tengu growth]
  3377 | D:3      | Reached XP level 5. HP: 25/33 MP: 9/9
  3377 | D:3      | Reached XP level 6. HP: 29/38 MP: 10/10
  3756 | D:4      | Got the Collected Works on Dislocation
  4231 | D:4      | Reached XP level 7. HP: 17/43 MP: 11/11
  4631 | D:4      | Reached skill level 3 in Conjurations
  4667 | D:5      | Entered Level 5 of the Dungeon
  4681 | D:5      | Reached skill level 5 in Short Blades
  5001 | D:5      | Reached skill level 5 in Dodging
  5230 | D:5      | Reached skill level 5 in Fighting
  5507 | D:5      | Found a staircase to the Ecumenical Temple.
  5516 | D:5      | Reached skill level 4 in Conjurations
  5516 | D:5      | Reached XP level 8. HP: 41/49 MP: 12/12
  5531 | Temple   | Entered the Ecumenical Temple
  5893 | Temple   | Became a worshipper of Vehumet
  6376 | D:5      | Reached skill level 5 in Conjurations
  6474 | D:5      | Found Fenusac's Magic Scroll Shoppe.
  6494 | D:5      | Bought a scroll of fear for 38 gold pieces
  6494 | D:5      | Bought a scroll of noise for 11 gold pieces
  7035 | D:6      | You are sucked into a shaft and drop 3 floors!
  7065 | D:9      | Reached skill level 6 in Conjurations
  7352 | D:9      | Noticed a kobold demonologist
  7354 | D:9      | Noticed a rust devil
  7398 | D:9      | Noticed an orange demon
  7404 | D:9      | Killed a kobold demonologist
  7405 | D:9      | Reached skill level 7 in Conjurations
  7405 | D:9      | Reached XP level 9. HP: 52/54 MP: 14/16
  7618 | D:9      | Shot with an arrow by a centaur

Illustrated notes

Levels and vault maps discovered:
D:1:      dpeg_arrival_shelter, layout_loops_ring
D:2:      layout_basic, serial_shops, shop, nicolae_lakefront_shop,
          minmay_misc_feat_square, minmay_close_crescents
D:3:      layout_rooms, minmay_misc_feat_more_columns, corexii_hall_statues_i,
          minivault_4, minmay_misc_feat_secret_circle,
          ebering_dispersal_statue_hall, uniq_sigmund, uniq_robin
D:4:      cheibrodos_quashed, layout_basic, minmay_lizard_king
D:5:      layout_loops_ring, minmay_temple_entry_statues_fountains,
          serial_shops, kennysheep_little_box
D:6:      layout_loops_ring
D:8:      layout_loops_ring, mainiacjoe_overflow_alcove_3
D:9:      layout_layer_cave
Temple:   dpeg_five_rooms_temple

Skill      XL: |  1  2  3  4  5  6  7  8 |
---------------+-------------------------+-----
Short Blades   | 3 4 5 6 |  6.0
Dodging        | 3 4 5 6 |  6.0
Fighting       | 3 4 5 |  5.0
Conjurations   | 2 4 7 |  7.6
Spellcasting   | 4 |  4.5
Throwing       | |  1.0
Armour         | |  1.1
Translocations | |  2.4

Action                   |  1- 3 |  4- 6 |  7- 9 || total
-------------------------+-------+-------+-------++-------
Melee: Short sword       |    88 |    39 |       ||   127
       Kick              |    19 |    18 |    67 ||   104
       Peck              |     8 |    13 |    55 ||    76
       Dagger            |       |    77 |   244 ||   321
Throw: Dart              |       |       |     4 ||     4
  Use: Scroll            |       |     6 |     1 ||     7
       Potion            |       |       |     3 ||     3
Armor: Leather armour    |    27 |    26 |    51 ||   104
Dodge: Dodged            |    68 |    64 |   131 ||   263
